 Dungeon Crawl Stone Soup version 0.26.1-11-gd32895ea62 (webtiles) character file.

Game seed: 15994139832351763386

222 Zeld the Twirler (level 5, 9/34 HPs)
             Began as an Octopode Gladiator on May 22, 2021.
             Quit the game on level 6 of the Dungeon.
             The game lasted 00:01:57 (1511 turns).

Zeld the Twirler (Octopode Gladiator)               Turns: 1511, Time: 00:01:57

Health: 9/34       AC:  1    Str: 15    XL:     5   Next: 99%
Magic:  5/5        EV: 14    Int: 10    God:
Gold:   140        SH:  0    Dex: 13    Spells: 4/4 levels left

rFire    . . .     SeeInvis .   a - +0 quarterstaff
rCold    . . .     Faith    .   (shield currently unavailable)
rNeg     . . .     Spirit   .   b - +0 hat
rPois    .         Reflect  .   (no amulet)
rElec    .         Harm     .   (no ring)
rCorr    .         Rampage  .   (no ring)
Will     .....                  (no ring)
Stlth    ++........             (no ring)
HPRegen  0.11/turn              (no ring)
MPRegen  0.09/turn              (no ring)
                                (no ring)
                                (no ring)

@: no status effects
A: almost no armour, stealthy swim, amphibious, 8 rings, constrict 8, camouflage
1, gelatinous body 1
a: no special abilities


You were on level 6 of the Dungeon.
You visited 1 branch of the dungeon, and saw 6 of its levels.

You collected 140 gold pieces.

Inventory:

Hand Weapons
 a - a +0 quarterstaff (weapon)
Missiles
 c - 3 throwing nets (quivered)
 h - 15 poisoned darts
Armour
 b - a +0 hat (worn)
Scrolls
 d - 2 scrolls of teleportation {unknown}
 e - 2 scrolls of remove curse {unknown}
 f - a scroll of enchant armour {unknown}
 g - 5 scrolls of identify {unknown}
 k - 2 scrolls of enchant weapon {unknown}
Potions
 i - a potion of mutation {unknown}
 j - a potion of resistance {unknown}
 l - a potion of lignification {unknown}
 m - 2 potions of heal wounds {unknown}
 n - a potion of curing {unknown}


   Skills:
 - Level 2.0 Fighting
 * Level 6.4 Staves
 - Level 2.0 Throwing
 - Level 3.0 Dodging


You had 4 spell levels left.
You didn't know any spells.
Your spell library was empty.

Dungeon Overview and Level Annotations

Branches:
Dungeon (6/15)
 Temple: D:4-7

Altars:
Dithmenos
Fedhas


Innate Abilities, Weirdness & Mutations

You cannot wear most types of armour.
You are very stealthy in the water. (Stealth+)
You are amphibious.
You can wear up to eight rings at the same time.
You can use your tentacles to constrict eight enemies at once.
Your skin changes colour to match your surroundings (Stealth+).
Your rubbery body absorbs attacks. (AC +1, EV +1)


Message History

The ice beast hits you but does no damage.
You hit the ice beast.
You squeeze the ice beast, but do no damage.
The ice beast is lightly wounded.
The ice beast hits you. The ice beast freezes you.
* * * LOW HITPOINT WARNING * * *
You hear the rusting of a drain nearby.
An ooze comes into view.
The ooze quivers.
A giant cockroach comes into view.
Found 2 scrolls labelled FYCIEL IS COUDOI.
Found a robe and 18 gold pieces.
Found a shadowy altar of Dithmenos.
The ooze hits you.
* * * LOW HITPOINT WARNING * * *
You see here 18 gold pieces.
You sock the ooze!
You kill the ooze!
An orc wizard comes into view.
It is wielding a -2 dagger. 2 orcs come into view.
Are you sure you want to abandon this character and quit the game? (Confirm with "yes".)

#.# #### ##.#########...## .##
#.##..###...#....##...^.## ..##
#.....#.........#......[##...o
##).......######.#.#._.#.#.....
##.....##### ##..##.##......o
#.......Y.# #...###......o#
#.###.###.# ######.?.......#
#.# #.# #.# ##..##..........#
#.###+###.###..@BY..#..###..#
##...'_###..#.#####.$#.###..##
...###'###...# #.....BY..# ##.#
#.# #..## #..########
#..###.###.## #.##
#...........## ###
......#####..# ##....# #.##
##....# ##.#


You could see an ice beast and a giant cockroach.

Vanquished Creatures
  A howler monkey (D:4)
  A bullfrog zombie (D:6)
  2 hounds
  A worker ant (D:6)
  2 adders
  A white imp (D:5)
  2 oozes
  An adder skeleton (D:4)
  2 worms (D:2)
  3 orcs (D:4)
  4 goblins
  A hobgoblin (D:2)
  2 jackals (D:3)
  A quokka (D:5)
  A bat (D:2)
  3 frilled lizards
  5 kobolds
  4 rats
37 creatures vanquished.

Notes
Turn   | Place    | Note
-------+----------+-------------------------------------------
     0 | D:1      | Zeld the Octopode Gladiator began the quest for the Orb.
     0 | D:1      | Reached XP level 1. HP: 14/14 MP: 1/1
   119 | D:2      | Reached XP level 2. HP: 14/19 MP: 2/2
   314 | D:2      | Reached skill level 4 in Staves
   339 | D:2      | Reached XP level 3. HP: 10/24 MP: 3/3
   832 | D:4      | Reached XP level 4. HP: 29/29 MP: 4/4
   835 | D:4      | Reached skill level 5 in Staves
   847 | D:4      | Reached XP level 5. HP: 32/34 MP: 5/5
  1045 | D:5      | Entered Level 5 of the Dungeon
  1199 | D:5      | Noticed a two-headed ogre
  1280 | D:6      | Reached skill level 6 in Staves
  1392 | D:6      | Noticed an ice beast
  1400 | D:6      | Found a blossoming altar of Fedhas.
  1486 | D:6      | Found a shadowy altar of Dithmenos.
  1511 | D:6      | Quit the game

Illustrated notes

Levels and vault maps discovered:
D:1:      lemuel_arrival_muddy, layout_basic
D:2:      layout_rooms, dk_vineyard_1
D:3:      layout_rooms, wander_ebering_terrifying_dragon_lair
D:4:      layout_basic
D:5:      layout_cave_pools, serial_column_ruins,
          column_ruins_corridor_straight, column_ruins_open_small,
          column_ruins_open_small, column_ruins_columns_dead_end,
          column_ruins_open_medium, column_ruins_corridor_dead_end,
          trog_three_pillars_becter
D:6:      layout_layer_cave, lemuel_doored_altar, minmay_temple_entry_grid,
          serial_shops, shop, gup_sewer_entry_spiral,
          nicolae_dithmenos_through_a_glass_darkly

Skill      XL: |  1  2  3  4  5 |
---------------+----------------+-----
Staves         | 4 5 6 |  6.4
Fighting       | |  2.0
Throwing       | |  2.0
Dodging        | |  3.0

Action                   |  1- 3 |  4- 6 || total
-------------------------+-------+-------++-------
Melee: Quarterstaff      |    36 |    29 ||    65
       Constrict         |    11 |     5 ||    16
       Tentacles         |     5 |     9 ||    14
 Stab: Sleeping          |     3 |     1 ||     4
Armor: Skin              |     4 |     1 ||     5
Dodge: Dodged            |    16 |    15 ||    31
